 Dungeon Crawl Stone Soup version 0.28-a0-465-ge2dae52223 (webtiles) character file.

Game seed: 7675427129025146827

627 Tauromancer the Cleaver (level 7, -2/61 HPs)
             Began as a Hill Orc Chaos Knight on Sept 13, 2021.
             Was an Initiate of Trog.
             Succumbed to a water moccasin's poison
             ... on level 5 of the Dungeon on Sept 14, 2021.
             The game lasted 00:30:36 (5921 turns).

Tauromancer the Cleaver (Hill Orc Chaos Knight)     Turns: 5921, Time: 00:30:36

Health: -2/61      AC: 14    Str: 16 (23) XL:     7   Next: 47%
Magic:  7/7        EV:  5    Int:  6 (12) God:    Trog [......]
Gold:   228        SH:  0    Dex:  8 (10) Spells: 6/6 levels left

rFire   + + .      SeeInvis .   a - +0 war axe
rCold   + . .      Faith    .   (no shield)
rNeg    . . .      Spirit   .   o - +0 plate armour
rPois   +          Reflect  .   n - +0 helmet
rElec   +          Harm     .   (no cloak)
rCorr   +          Rampage  .   (no gloves)
Will    .....                   f - +0 pair of boots
Stlth   ..........              e - amulet of Nohul {Fly rF+ Regen+}
HPRegen 1.20/turn               j - +6 ring of strength
MPRegen 0.10/turn               (no ring)

@: lethally poisoned (-2 -> -12), resistant, flying
A: deterioration 1
a: Renounce Religion


You were on level 5 of the Dungeon.
You worshipped Trog.
Trog was noncommittal.
You visited 1 branch of the dungeon, and saw 5 of its levels.

You collected 228 gold pieces.

Inventory:

Hand Weapons
 a - a +0 war axe (weapon)
 b - a +0 hand axe of chaos
 s - a +0 flail
Armour
 d - a +1 leather armour of fire resistance
 f - a +0 pair of boots (worn)
 k - a +2 leather armour
 n - a +0 helmet (worn)
 o - a +0 plate armour (worn)
 q - a +0 buckler
Jewellery
 e - the amulet of Nohul (around neck) {Fly rF+ Regen+}
   (You acquired it on level 5 of the Dungeon)

   [amulet of regeneration]

   rF:        It protects you from fire.
   Fly:       It grants you flight.
   Regen:     It increases your rate of health regeneration.
 j - a +6 ring of strength (left hand)
Scrolls
 h - a scroll of noise {unknown}
 p - a scroll of immolation {unknown}
Potions
 c - a potion of invisibility {unknown}
 g - a potion of haste {unknown}
 i - a potion of attraction {unknown}


   Skills:
 + Level 5.4 Fighting
 + Level 8.3 Axes
 + Level 4.2 Armour
 + Level 1.9 Dodging
 + Level 0.8 Stealth


You had 6 spell levels left.
You didn't know any spells.
Your spell library was empty.

Dungeon Overview and Level Annotations

Branches:
Dungeon (5/15)             Temple (0/1) D:5

Altars:
Kikubaaqudgha
Sif Muna
Trog
Zin

Shops:
D:4 [

Portals:
Sewer: D:5


Innate Abilities, Weirdness & Mutations

Your body sometimes deteriorates upon taking damage.


Message History

You feel sick. The water moccasin bites you.
* * * LOW HITPOINT WARNING * * *
You are more poisoned.
The water moccasin poisons you!
Okay, then.
You feel very sick.
You feel very sick.
The water moccasin bites you but does no damage.
You feel sick.
You feel sick.
You feel sick.
You feel sick.
Found 7 gold pieces.
You feel sick.
The water moccasin bites you but does no damage.
There is a fountain of clear blue water here.
You feel sick.
You feel sick.
You are no longer poisoned.
The water moccasin bites you.
* * * LOW HITPOINT WARNING * * *
You are lethally poisoned!
The water moccasin poisons you!
There is a dry fountain here.
* * * LOW HITPOINT WARNING * * *
You feel very sick.
It was a potion of resistance.
You feel protected.
* * * LOW HITPOINT WARNING * * *
You feel very sick. The water moccasin bites you.
* * * LOW HITPOINT WARNING * * *
The water moccasin bites you.
* * * LOW HITPOINT WARNING * * *
You are more poisoned.
The water moccasin poisons you!
It was a potion of degeneration.
There was something very wrong with that liquid.
You feel weakened.
You feel dopey.
You feel clumsy.
You die...
Xom chuckles heartily!

..........##.......#
.....##............###
.........................
#...............#..##...#
#............#..........
.............##...#...# ..
..##..............#.⌠.# $.# ##.
..#.....†...#...###...###....##..
#.#....#....#...@................
..##..####..#....S..>..⌠....##..?
†....## #......†s.Z.......# #...
..#..# ##.....###...###..###.(.
#<#### ##......#.⌠.#...##.....
### ###.......#...#...##.....
##.##.....................
##..#............#.........
#...........#...#.....<....


You could see a water moccasin, a scorpion and a wyvern skeleton.

Vanquished Creatures
  Eustachio (D:4)
  Menkaure (D:4)
  A sky beast (D:5)
  A jelly (D:4)
  A hound (D:4)
  Natasha (thrice) (D:4)
  4 adders
  A white imp (D:5)
  3 worms
  3 dart slugs
  6 orcs
  3 bats
  7 endoplasms
  5 giant cockroaches
  4 goblins
  3 hobgoblins
  16 jackals
  3 quokkas
  7 ball pythons
  9 frilled lizards
  2 kobolds
  2 rats
86 creatures vanquished.

Vanquished Creatures (others)
  A wizard (D:3)
  A human (D:3)
  2 plants (D:2)
4 creatures vanquished.

Grand Total: 90 creatures vanquished

Notes
Turn   | Place    | Note
-------+----------+-------------------------------------------
     0 | D:1      | Tauromancer the Hill Orc Chaos Knight began the quest for
                  | the Orb.
     0 | D:1      | Reached XP level 1. HP: 19/19 MP: 1/1
    13 | D:1      | Upgraded the game from 0.28-a0-461-g2dc4ca5097 to
                  | 0.28-a0-465-ge2dae52223
    23 | D:1      | XOM: potion effect (brilliance)
   132 | D:1      | Reached XP level 2. HP: 27/27 MP: 2/2
   672 | D:1      | Reached XP level 3. HP: 32/34 MP: 3/3
  1206 | D:2      | XOM: stealth player
  1678 | D:2      | XOM: divination: magic mapping
  1683 | D:2      | XOM: silly message
  1865 | D:2      | Found a faded altar of an unknown god.
  1868 | D:2      | Fell from the grace of Xom
  1868 | D:2      | Became a worshipper of Sif Muna the Loreminder
  1868 | D:2      | Reached * piety under Sif Muna
  2064 | D:2      | XOM: summons 1 hostile demon
  2153 | D:2      | Reached skill level 1 in Dodging
  2153 | D:2      | Reached XP level 4. HP: 21/41 MP: 4/4
  2355 | D:3      | Found a bloodstained altar of Trog.
  2356 | D:3      | Noticed a wizard
  2503 | D:3      | Found an ancient bone altar of Kikubaaqudgha.
  2508 | D:3      | Noticed a human
  2511 | D:3      | Killed a human
  2516 | D:3      | XOM: noise
  2588 | D:3      | Reached skill level 5 in Axes
  3044 | D:3      | Reached ** piety under Sif Muna
  3430 | D:3      | Killed a wizard
  3433 | D:3      | Fell from the grace of Sif Muna
  3433 | D:3      | Became a worshipper of Trog the Wrathful
  3736 | D:4      | Reached XP level 5. HP: 45/47 MP: 5/5
  3830 | D:4      | Found Nuixaeno's Antique Armour Shoppe.
  3881 | D:4      | Noticed Menkaure
  3894 | D:4      | Killed Menkaure
  3895 | D:4      | Reached skill level 5 in Fighting
  3895 | D:4      | Reached skill level 6 in Axes
  3895 | D:4      | Reached XP level 6. HP: 20/56 MP: 6/6
  4153 | D:4      | Noticed Natasha
  4172 | D:4      | Killed Natasha
  4326 | D:4      | XOM: summons 5 hostile demons
  4631 | D:4      | XOM: stat loss: -3 Str (14/17)
  4754 | D:4      | Noticed Natasha
  4760 | D:4      | Killed Natasha
  4793 | D:4      | Found a glowing silver altar of Zin.
  4926 | D:4      | Noticed Natasha
  4936 | D:4      | Killed Natasha
  5024 | D:4      | XOM: cloud trail
  5096 | D:4      | Noticed Eustachio
  5120 | D:4      | Reached skill level 7 in Axes
  5121 | D:4      | Killed Eustachio
  5122 | D:4      | Reached XP level 7. HP: 28/61 MP: 7/7
  5139 | D:4      | XOM: give mutation
  5139 | D:4      | Gained mutation: Your body sometimes deteriorates upon
                  | taking damage. [Xom's mischief]
  5287 | D:4      | XOM: summons 5 hostile demons
  5288 | D:4      | Noticed an orange demon
  5305 | D:4      | XOM: stat loss: -3 Str (13/17)
  5689 | D:5      | Entered Level 5 of the Dungeon
  5698 | D:5      | Identified a scroll of acquirement
  5698 | D:5      | Acquired the amulet of Nohul {Fly rF+ Regen+}
  5718 | D:5      | Reached skill level 8 in Axes
  5750 | D:5      | Found a staircase to the Ecumenical Temple.
  5903 | D:5      | Found a glowing drain.
  5920 | D:5      | HP: 3/61 [water moccasin (1)]
  5921 | D:5      | Succumbed to a water moccasin's poison

Illustrated notes

Levels and vault maps discovered:
D:1:      ncdulo_wetmaze, layout_basic
D:2:      layout_basic, hellmonk_ecumenical_altar_inner_sanctum,
          minmay_lizard_king
D:3:      layout_basic, trog_wizard, tgw_kikubaaqudgha
D:4:      layout_basic, zin_scriptorium, serial_shops, shop, uniq_eustachio,
          uniq_natasha, uniq_menkaure
D:5:      layout_cave_pools, minmay_temple_entry_junction_2,
          gup_sewer_entry_glass, uniq_ijyb, uniq_sigmund

Skill      XL: |  1  2  3  4  5  6  7 |
---------------+----------------------+-----
Fighting       | 4 5 |  5.4
Dodging        | 1 |  1.9
Axes           | 5 6 7 8 |  8.3
Armour         | 3 4 |  4.2
Stealth        | |  0.8

Action                   |  1- 3 |  4- 6 |  7- 9 || total
-------------------------+-------+-------+-------++-------
Melee: Hand axe          |   100 |       |       ||   100
       War axe           |    20 |   192 |    49 ||   261
  Use: Scroll            |     4 |     1 |     3 ||     8
       Potion            |     1 |     1 |     4 ||     6
Armor: Leather armour    |    68 |    39 |       ||   107
       Plate armour      |       |    79 |    60 ||   139
Dodge: Dodged            |    88 |    74 |    18 ||   180

Table legend: (Time is in decaauts)
 A = Elapsed time spent in this place.
 B = Non-inter-level travel time spent in this place.
 C = Inter-level travel time spent in this place.
 D = Time resting spent in this place.
 E = Time spent auto-exploring this place.
 F = Levels seen in this place.
 G = Mean time per level.
                   A        B        C        D        E       F      G
               +--------+--------+--------+--------+--------+-----+--------+
         Total |   5998 |   5728 |    270 |    992 |   3818 |   5 | 1199.6 |
       Dungeon |   5998 |   5728 |    270 |    992 |   3818 |   5 | 1199.6 |
               +--------+--------+--------+--------+--------+-----+--------+

Top non-repeatable levels by time:
     D:4: 2108 daAuts
     D:3: 1297 daAuts
     D:1: 1219 daAuts
     D:2: 1137 daAuts
     D:5: 235 daAuts
